 Dungeon Crawl Stone Soup version 0.32-a0-599-gba8f9cf90e (webtiles) character file.

Game seed: 14534055785670264884

55 runemasterragnar the Charlatan (level 3, -2/27 (29) HPs)
             Began as a Coglin Artificer on Mar 2, 2024.
             Slain by Crazy Yiuf
             ... wielding a +2 quarterstaff of chaos
              (6 damage)
             ... on level 2 of the Dungeon.
             The game lasted 00:00:53 (685 turns).

runemasterragnar the Charlatan (Coglin Artificer)    Turns: 685, Time: 00:00:53

HP:   -2/27 (29)    AC:  7    Str: 14    XL:     3   Next: 93%
MP:   3/3           EV: 10    Int: 10    God:
Gold: 27            SH:  0    Dex: 14    Spells: 2/2 levels left

rFire   . . .        k - +0 short sword {Synnove}
rCold   . . .        l - +2 whip (venom) {Consuela}
rNeg    . . .        o - +0 ring mail
rPois   .            n - +2 hat
rElec   .            (no cloak)
rCorr   .            (no gloves)
SInv    .            (no boots)
Will    .....        (amulet unavailable)
Stlth   +            (ring unavailable)
HPRegen 0.24/turn    (ring unavailable)
MPRegen 0.08/turn    (no gizmo)

%: no passive effects
@: drained, revving
A: off-hand wielding, slow wielding, warmup strikes, no jewellery
a: Invent Gizmo


You were on level 2 of the Dungeon.
You visited 1 branch of the dungeon, and saw 2 of its levels.

You collected 27 gold pieces.

Inventory:

Hand Weapons
 a - a +0 club {Ichio}
 f - a +0 dagger {Takurtum}
 k - a +0 short sword (weapon) {Synnove}
 l - a +2 whip of venom (offhand) {Consuela}
Missiles
 g - 4 poisoned darts
Armour
 b - a +0 leather armour
 j - a +0 ring mail
 n - a +2 hat (worn)
 o - a +0 ring mail (worn)
Wands
 c - a wand of flame (15) (quivered)
 d - a wand of charming (15)
 e - a wand of iceblast (5)
Scrolls
 h - 2 scrolls of immolation {unknown}
 i - 3 scrolls of teleportation {unknown}
 m - a scroll of revelation {unknown}


   Skills:
 * Level 3.0 Fighting
 - Level 1.7 Armour
 - Level 0.8 Dodging
 - Level 0.7 Stealth
 + Level 4.8 Evocations


You had 2 spell levels left.
You didn't know any spells.
Your spell library was empty.

Dungeon Overview and Level Annotations

Branches:
Dungeon (1/15)

Altars:

Annotations:
D:2 Crazy Yiuf


Innate Abilities, Weirdness & Mutations

You can wield a second weapon in your off-hand.
It takes a long time for you to wield or remove held weapons.
Your first few attacks do less damage.
You cannot equip rings or amulets.


Message History

You start putting on your armour.
You continue putting on your +0 ring mail. x5
You finish putting on your +0 ring mail.
Unknown command.
Found a stone staircase leading down.
There is a stone staircase leading down here.
Found a chain mail.
You see here a +0 chain mail.
A dart slug comes into view.
You hit the dart slug but do no damage.
You hit the dart slug with your +2 whip of venom.
The dart slug is poisoned.
You kill the dart slug!
Your Fighting skill increases to level 3!
No target in view!
No target in view!
No target in view!
There is a stone staircase leading up here.
Crazy Yiuf shouts!
No reachable target in view!
Could not explore, unopened runed door.
Could not explore, unopened runed door.
No reachable target in view!
You open the door.
Crazy Yiuf whimpers, "Castle forty-two spinner!"
You hit Crazy Yiuf with your +2 whip of venom.
Crazy Yiuf is moderately wounded.
You hit Crazy Yiuf but do no damage.
Crazy Yiuf hits you with a +2 quarterstaff of chaos!
Crazy Yiuf draws strength from your wounds!
You hit Crazy Yiuf but do no damage.
You closely miss Crazy Yiuf with your +2 whip of venom.
Crazy Yiuf hits you with a +2 quarterstaff of chaos!
You feel drained.
* * * LOW HITPOINT WARNING * * *
You hit Crazy Yiuf with your +0 short sword.
Crazy Yiuf is lightly wounded.
You barely miss Crazy Yiuf with your +2 whip of venom.
Crazy Yiuf hits you with a +2 quarterstaff of chaos.
You die...

#....####.........†.
#....# #...#..#####
#....# #...#.####
#...## #...#.>..###
##.## #..#####....
#.## #..# ##### ##.#
#### #.## ##@# #g#
... #...# #..)#
#####


You could see Crazy Yiuf.

Vanquished Creatures
  4 adders (D:2)
  2 dart slugs (D:2)
  3 ball pythons (D:2)
  2 hobgoblins (D:2)
  3 kobolds (D:2)
  A quokka (D:2)
  A bat (D:2)
  A rat (D:2)
17 creatures vanquished.

Notes
Turn   | Place    | Note
-------+----------+-------------------------------------------
     0 | D:1      | runemasterragnar the Coglin Artificer began the quest for
                  | the Orb.
     0 | D:1      | Reached XP level 1. HP: 15/15 MP: 1/1
    10 | D:1      | You fall into a shaft and drop 1 floor!
    67 | D:2      | Reached XP level 2. HP: 16/22 MP: 2/2
   160 | D:2      | Reached XP level 3. HP: 17/28 MP: 3/3
   331 | D:2      | Found a runed translucent door.
   332 | D:2      | Noticed Crazy Yiuf
   685 | D:2      | Slain by Crazy Yiuf

Illustrated notes

Levels and vault maps discovered:
D:1:      minmay_arrival_four_houses, layout_rooms
D:2:      layout_rooms, uniq_crazy_yiuf_cottage

Skill      XL: |  1  2  3 |
---------------+----------+-----
Fighting       | 2 3 |  3.0
Armour         | |  1.7
Dodging        | |  0.8
Stealth        | |  0.7
Evocations     | |  4.8

Action                     || total
---------------------------++-------
  Melee: Club              ||    51
         Dagger            ||    54
         Short sword       ||    13
         Whip              ||     8
 Armour: Leather armour    ||    43
         Ring mail         ||     3
  Dodge: Dodged            ||    35

Table legend: (Time is in decaauts)
 A = Elapsed time spent in this place.
 B = Non-inter-level travel time spent in this place.
 C = Inter-level travel time spent in this place.
 D = Time resting spent in this place.
 E = Time spent auto-exploring this place.
 F = Levels seen in this place.
 G = Mean time per level.
                   A        B        C        D        E       F      G
               +--------+--------+--------+--------+--------+-----+--------+
         Total |    693 |    693 |      0 |      0 |    493 |   2 |  346.5 |
       Dungeon |    693 |    693 |      0 |      0 |    493 |   2 |  346.5 |
               +--------+--------+--------+--------+--------+-----+--------+

Top non-repeatable levels by time:
     D:2: 683 daAuts
     D:1: 10 daAuts
